cohdb
Replays
Latest Replays
All Replays
Popular Replays
Top Player Replays
Match Explorer
How It Works
Community
CoH3 Stats
Reddit
Sign in to upload your games and track your stats! →
Sign in with Steam
Match 45356465
Unlisted
Match 45356465
Overview
Messages
Build Orders
End
Pioneer Squad
Construct Infanterie Kompanie
MG 42 Machine Gun Team
Grenadier Squad
Grenadier Squad
Infanterie Officer Quarters
Medical Station
Selects Mechanized Battlegroup
Grenadier Squad
Construct Panzergrenadier Kompanie
Selects Raid Package
Panzergrenadier Squad
Selects 8 Rad Armored Car
8 Rad Armored Car
Pak 40 Anti-tank Gun Team
8 Rad Armored Car
8 Rad Armored Car
Herr Blautier
EPHX_Valkyrion
Heileif
b0nna
0
0
Comments
sign in to comment!
No comments posted yet!